 Dungeon Sprint DCSS version 0.20-a0-924-gfa95efa (webtiles) character file.

9180 Kidiri the Eclecticist (level 11, -13/67 HPs)
             Began as a Deep Elf Fire Elementalist on Mar 27, 2017.
             Was the Champion of Vehumet.
             Mangled by Rupert
             ... wielding a +1 great mace of protection
              (37 damage)
             ... in the Dungeon (Sprint III: "The Ten Rune Challenge").
             The game lasted 00:35:35 (2582 turns).

Kidiri the Eclecticist (Deep Elf Fire Elementalist) Turns: 2582, Time: 00:35:36

Health: -13/67     AC:  3    Str:  5    XL:     11   Next: 19%
Magic:  30/32      EV: 22    Int: 26    God:    Vehumet [******]
Gold:   35         SH:  0    Dex: 15    Spells: 1/40 levels left

rFire    . . .     SeeInvis .   l - +3 dagger (speed)
rCold    + . .     Gourm    .   (no shield)
rNeg     . . .     Faith    .   a - +0 robe
rPois    .         Spirit   .   t - +0 helmet
rElec    .         Reflect  .   (no cloak)
rCorr    .         Harm     +   (no gloves)
MR       +....     Rnd*Rage +   (no boots) Stlth +.........NoTele +
                                k - amulet of harm
Regen    0.3/turn               (no ring)
MPRegen  0.3/turn               (no ring)

@: very slightly contaminated, very slow
A: talons 1, berserk 1, clever 1, cold resistance 1
a: Renounce Religion


You were in the Dungeon.
You worshipped Vehumet.
Vehumet was exalted by your worship.
You were full.

You visited 1 branch You collected 35 gold pieces.

Inventory:

Hand Weapons
 l - a +3 dagger of speed (weapon)
Armour
 a - a +0 robe (worn)
 t - a +0 helmet (worn)
Jewellery
 k - an amulet of harm (around neck)
Wands
 w - a wand of acid (10/15)
Scrolls
 f - 2 scrolls of holy word {unknown}
 m - a scroll of remove curse {unknown}
 q - a scroll of fog {unknown}
 r - a scroll of recharging {unknown}
Potions
 d - a potion of mutation
 e - a potion of heal wounds
 g - 2 potions of magic
 h - 2 potions of berserk rage
 o - a potion of ambrosia
 p - a potion of flight
 s - 2 potions of curing
Books
 b - a book of Flames

   Spells                             Type                      Level
   a - Flame Tongue                   Conjuration/Fire             1
   b - Throw Flame                    Conjuration/Fire             2
   c - Conjure Flame                  Conjuration/Fire             3
   d - Inner Flame                    Hexes/Fire                   3
   e - Sticky Flame                   Conjuration/Fire             4
   f - Fireball                       Conjuration/Fire             5
Miscellaneous
 j - a phial of floods
Comestibles
 c - a bread ration
 n - 2 meat rations
 u - 27 royal jellies
 v - 10 chunks of flesh


   Skills:
 + Level 7.2 Fighting
 + Level 8.0 Short Blades
 + Level 7.3 Armour
 * Level 14.3 Dodging
 - Level 2.4 Stealth
 * Level 15.4 Spellcasting
 + Level 9.6 Conjurations
 + Level 10.0 Fire Magic
 + Level 6.5 Air Magic
 + Level 0.0 Earth Magic
 + Level 7.0 Poison Magic
 + Level 6.6 Evocations


You had one spell level left.
You knew the following spells:

 Your Spells              Type           Power        Failure   Level  Hunger
a - Flame Tongue          Conj/Fire      #####        1%          1    None
b - Throw Flame           Conj/Fire      ######       1%          2    None
c - Conjure Flame         Conj/Fire      ######..     1%          3    None
d - Inner Flame           Hex/Fire       #####...     1%          3    None
e - Sticky Flame          Conj/Fire      ######..     1%          4    None
f - Fireball              Conj/Fire      ######....   1%          5    None
g - Shock                 Conj/Air       ####         1%          1    None
h - Sting                 Conj/Pois      ####         1%          1    None
i - Fulminant Prism       Conj/Hex       #####.....   1%          4    None
j - Ignite Poison         Fire/Tmut/Pois #####...     1%          3    None
k - Bolt of Fire          Conj/Fire      ######....   2%          6    ####...
l - Iron Shot             Conj/Erth      #####.....   21%         6    ####...


Dungeon Overview and Level Annotations

Branches:
Dungeon (1/1)

Altars:
Cheibriados
Dithmenos
Elyvilon
Fedhas
Gozag
Hepliaklqana
Kikubaaqudgha
Makhleb
Nemelex Xobeh
Okawaru
Qazlal
Ru
Sif Muna
Trog
Uskayaw
Vehumet
Wu Jian
Xom
Yredelemnul
Zin
The Shining One
Beogh
Jiyva
Lugonu

Annotations:
D exclusion: 3 doors, Rupert


Innate Abilities, Weirdness & Mutations

You have sharp toenails.
You tend to lose your temper in combat.
Your mind is acute. (Int +2)
Your flesh is cold resistant. (rC+)


Message History

You close the door.
You hear a shout!
Rupert opens the door.
You open the door.
Rupert rages.
There is an open door here.
You enter the shallow water.
Moving in this stuff is going to be slow.
Rupert hits you with a great mace of protection!!
* * * LOW HITPOINT WARNING * * *
Some of the chunks of flesh in your inventory have rotted away.
You feel much better. Rupert closely misses you.
There is an open door here.
You enter the shallow water.
Moving in this stuff is going to be slow.
Rupert misses you.
Rupert is no longer berserk.
Rupert hits you with a great mace of protection!!
Ouch! That really hurt!
You die...

.###...'.⌠........#
####...#...######'#
###....#.⌠.#__#...#+#############
##.....#...#__#...#....#.#.#.))%.
#......#+###__#...##)#).#.##.###.
.#.....#)[:#__#...'##.#.#.##)#..#
###....#___#__+...#.).#..#..##..'
▓▓▓▓▓▓▓▓▓▓▓▓▓▓▓▓▓▓▓▓▓▓▓▓▓▓▓▓▓▓▓▓#
§≈..♣♣.....♣♣♣♣@@≈........≈≈≈...#
§§.≈♣♣.≈≈≈≈'♣♣'♣≈≈≈≈≈≈≈≈≈≈≈≈♣♣P.'
§§≈≈.'...@.#.≈♣♣♣♣♣♣♣♣♣♣♣♣♣♣♣♣PP#
÷@≈≈♣♣♣♣♣♣♣#..♣♣ ♣♣♣# §≈§≈♣
###'♣♣♣♣♣ ##### ♣♣♣♣.##..##
.@.... ♣...##.##.# ######
♣♣.##.##.##+ ♣..#.##...#


You could see Rupert.

Vanquished Creatures
  Erolcha (D)
  Urug (D)
  A lindwurm (D)
  A deep elf mage (D)
  2 spiny frogs (D)
  A komodo dragon (D)
  A rime drake (D)
  3 wandering mushrooms (D)
  A queen bee (D)
  2 tyrant leeches (D)
  5 blink frogs (D)
  A shadow (D)
  5 redbacks (D)
  A spatial vortex (D)
  A swamp drake (D)
  A necrophage (D)
  5 two-headed ogres (D)
  A water elemental (D)
  32 killer bees (D)
  A jelly (D)
  A wizard (D)
  A necromancer (D)
  3 humans (D)
  A kobold demonologist (D)
  An ooze (D)
  A phantom (D)
  3 rats (D)
78 creatures vanquished.

Vanquished Creatures (others)
  2 draconian scorchers (D)
  2 hydras (D)
  6 hellions (D)
  2 yaktaurs (D)
  6 fulminant prisms (D)
18 creatures vanquished.

Grand Total: 96 creatures vanquished

Notes
Turn   | Place    | Note
-------+----------+-------------------------------------------
     0 | D        | Kidiri the Deep Elf Fire Elementalist began the quest for the Orb.
     0 | D        | Reached XP level 1. HP: 10/10 MP: 6/6
    77 | D        | Killed a hellion
    79 | D        | Killed a hellion
    88 | D        | Reached skill level 4 in Spellcasting
   103 | D        | Killed a hellion
   104 | D        | Killed a hellion
   106 | D        | Reached XP level 2. HP: 7/16 MP: 5/9
   113 | D        | Killed a hellion
   138 | D        | Killed a hellion
   175 | D        | Learned a level 2 spell: Throw Flame
   183 | D        | Gained mutation: Your natural rate of healing is unusually fast. [potion of mutation]
   183 | D        | Gained mutation: You are somewhat resistant to further mutation. [potion of mutation]
   184 | D        | Lost mutation: Your natural rate of healing is unusually fast. [potion of mutation]
   184 | D        | Lost mutation: You are somewhat resistant to further mutation. [potion of mutation]
   184 | D        | Gained mutation: Your body sometimes deteriorates upon taking damage. [potion of mutation]
   184 | D        | Gained mutation: You tend to lose your temper in combat. [potion of mutation]
   184 | D        | Gained mutation: You have sharp toenails. [potion of mutation]
   184 | D        | Gained mutation: Your system is resistant to poisons. (rPois) [potion of mutation]
   185 | D        | Lost mutation: Your system is resistant to poisons. (rPois) [potion of mutation]
   185 | D        | Lost mutation: Your body sometimes deteriorates upon taking damage. [potion of mutation]
   185 | D        | Gained mutation: Your mind is acute. (Int +2) [potion of mutation]
   185 | D        | Gained mutation: Your flesh is cold resistant. (rC+) [potion of mutation]
   220 | D        | Killed a white draconian scorcher
   225 | D        | Killed a white draconian scorcher
   234 | D        | Killed a yaktaur
   266 | D        | Reached skill level 1 in Fighting
   266 | D        | Reached skill level 1 in Armour
   266 | D        | Reached skill level 5 in Spellcasting
   266 | D        | Reached XP level 3. HP: 20/20 MP: 2/11
   271 | D        | Learned a level 3 spell: Conjure Flame
   275 | D        | Learned a level 3 spell: Inner Flame
   338 | D        | Noticed a water elemental
   341 | D        | Killed a water elemental
   341 | D        | Reached skill level 5 in Dodging
   341 | D        | Reached skill level 6 in Spellcasting
   341 | D        | Reached XP level 4. HP: 14/26 MP: 7/14
   347 | D        | Learned a level 4 spell: Sticky Flame
   495 | D        | Found a radiant altar of Vehumet.
   496 | D        | Found a deep blue altar of Sif Muna.
   496 | D        | Found an ancient bone altar of Kikubaaqudgha.
   496 | D        | Noticed a wizard
   497 | D        | Killed a wizard
   499 | D        | Reached skill level 7 in Spellcasting
   507 | D        | Became a worshipper of Vehumet
   569 | D        | Found a glowing silver altar of Zin.
   570 | D        | Found a glowing golden altar of the Shining One.
   570 | D        | Found a white marble altar of Elyvilon.
   570 | D        | Noticed a deep elf mage
   582 | D        | Killed a deep elf mage
   582 | D        | Reached skill level 10 in Spellcasting
   582 | D        | Reached skill level 5 in Conjurations
   582 | D        | Reached XP level 5. HP: 32/33 MP: 12/19
   582 | D        | Reached XP level 6. HP: 36/38 MP: 13/21
   582 | D        | Reached XP level 7. HP: 41/43 MP: 13/22
   589 | D        | Learned a level 5 spell: Fireball
   629 | D        | Found a hide-covered altar of Uskayaw.
   629 | D        | Found a roughly hewn altar of Beogh.
   629 | D        | Found an iron altar of Okawaru.
   629 | D        | Found a bloodstained altar of Trog.
   629 | D        | Found an ornate altar of the Wu Jian Council.
   629 | D        | Noticed a human
   632 | D        | Killed a human
   634 | D        | Killed a human
   634 | D        | Reached * piety under Vehumet
   634 | D        | Offered knowledge of Shock by Vehumet.
   634 | D        | Reached skill level 10 in Dodging
   634 | D        | Reached skill level 11 in Spellcasting
   637 | D        | Learned a level 1 spell: Shock
   727 | D        | Found a basalt altar of Yredelemnul.
   727 | D        | Found a shadowy altar of Dithmenos.
   727 | D        | Found a sacrificial altar of Ru.
   755 | D        | Reached ** piety under Vehumet
   755 | D        | Offered knowledge of Sting by Vehumet.
   755 | D        | Reached skill level 1 in Air Magic
   758 | D        | Learned a level 1 spell: Sting
   760 | D        | Noticed a shadow
   767 | D        | Killed a shadow
   767 | D        | Reached skill level 1 in Poison Magic
   767 | D        | Reached XP level 8. HP: 48/48 MP: 9/25
   853 | D        | Found a blossoming altar of Fedhas.
   853 | D        | Found a stormy altar of Qazlal.
   853 | D        | Found a snail-covered altar of Cheibriados.
   853 | D        | Found a burning altar of Makhleb.
   853 | D        | Found a shimmering altar of Xom.
   854 | D        | Found a hazy altar of Hepliaklqana.
   854 | D        | Found an opulent altar of Gozag.
   854 | D        | Found a sparkling altar of Nemelex Xobeh.
   854 | D        | Found a corrupted altar of Lugonu.
   854 | D        | Found a viscous altar of Jiyva.
   877 | D        | Reached skill level 5 in Armour
   966 | D        | Offered knowledge of Dazzling Spray by Vehumet.
   966 | D        | Reached skill level 5 in Fighting
   973 | D        | Reached *** piety under Vehumet
   973 | D        | Reached skill level 5 in Short Blades
   975 | D        | Reached skill level 1 in Evocations
  1057 | D        | Noticed a two-headed ogre
  1064 | D        | Killed a two-headed ogre
  1064 | D        | Reached skill level 12 in Spellcasting
  1219 | D        | Noticed a two-headed ogre
  1219 | D        | Noticed Erolcha
  1230 | D        | Killed a two-headed ogre
  1230 | D        | Killed Erolcha
  1230 | D        | Offered knowledge of Fulminant Prism by Vehumet.
  1230 | D        | Reached XP level 9. HP: 34/54 MP: 11/27
  1230 | D        | Reached **** piety under Vehumet
  1236 | D        | Learned a level 4 spell: Fulminant Prism
  1236 | D        | Offered knowledge of Ignite Poison by Vehumet.
  1236 | D        | Reached skill level 13 in Spellcasting
  1241 | D        | Learned a level 3 spell: Ignite Poison
  1428 | D        | Reached ***** piety under Vehumet
  1428 | D        | Offered knowledge of Lightning Bolt by Vehumet.
  1443 | D        | Noticed a queen bee
  1454 | D        | Killed a queen bee
  1454 | D        | Reached skill level 5 in Poison Magic
  1454 | D        | Reached XP level 10. HP: 53/60 MP: 13/29
  1455 | D        | Reached ****** piety under Vehumet
  1650 | D        | Offered knowledge of Spellforged Servitor by Vehumet.
  1671 | D        | Reached skill level 5 in Air Magic
  1706 | D        | Reached skill level 14 in Spellcasting
  1927 | D        | Offered knowledge of Bolt of Draining by Vehumet.
  1954 | D        | Reached skill level 5 in Evocations
  1963 | D        | Killed a five-headed hydra
  1997 | D        | Noticed a spiny frog
  1997 | D        | Noticed a spiny frog
  2001 | D        | Killed a spiny frog
  2002 | D        | Killed a spiny frog
  2020 | D        | Killed a five-headed hydra
  2336 | D        | Offered knowledge of Bolt of Fire by Vehumet.
  2344 | D        | Learned a level 6 spell: Bolt of Fire
  2389 | D        | Noticed a lindwurm
  2396 | D        | Killed a lindwurm
  2433 | D        | Reached skill level 15 in Spellcasting
  2434 | D        | Noticed Urug
  2436 | D        | Killed Urug
  2436 | D        | Reached XP level 11. HP: 67/67 MP: 18/32
  2536 | D        | Reached skill level 10 in Fire Magic
  2540 | D        | Offered knowledge of Iron Shot by Vehumet.
  2548 | D        | Learned a level 6 spell: Iron Shot
  2564 | D        | Noticed Rupert
  2578 | D        | HP: 3/67 [Rupert/great mace of protection (24)]
  2582 | D        | Mangled by Rupert

Vault maps used:
D:        dungeon_sprint_mu

Skill      XL: |  1  2  3  4  5  6  7  8  9 10 11 |
---------------+----------------------------------+-----
Dodging        | 3 4 5 9 10 11 12 14 | 14.3
Spellcasting   | 4 5 6 10 11 12 13 15 | 15.4
Fighting       | 1 2 4 5 6 7 |  7.2
Armour         | 1 2 4 5 6 7 |  7.3
Conjurations   | 2 3 5 6 7 8 9 |  9.6
Fire Magic     | 4 6 7 8 9 10 | 10.0
Short Blades   | 3 4 5 6 7 8 |  8.0
Air Magic      | 1 3 4 6 |  6.5
Poison Magic   | 1 3 5 6 7 |  7.0
Evocations     | 3 4 6 |  6.6
Stealth        | |  2.4

Action                   |  1- 3 |  4- 6 |  7- 9 | 10-12 || total
-------------------------+-------+-------+-------+-------++-------
Melee: Dagger            |       |       |     1 |    18 ||    19
       Kick              |       |       |     1 |     3 ||     4
 Cast: Flame Tongue      |    12 |     2 |    38 |    40 ||    92
       Throw Flame       |     2 |       |     1 |     1 ||     4
       Conjure Flame     |     1 |       |     6 |     7 ||    14
       Sticky Flame      |       |     3 |     8 |     7 ||    18
       Inner Flame       |       |       |     5 |       ||     5
       Fireball          |       |       |     4 |     3 ||     7
       Sting             |       |       |    14 |    11 ||    25
       Shock             |       |       |     5 |     6 ||    11
       Fulminant Prism   |       |       |     1 |     5 ||     6
       Ignite Poison     |       |       |     1 |     2 ||     3
       Bolt of Fire      |       |       |       |     6 ||     6
  Use: Potion            |     5 |       |       |     2 ||     7
       Scroll            |     2 |       |       |     1 ||     3
 Stab: Sleeping          |       |       |       |     1 ||     1
  Eat: Chunk             |       |       |     1 |       ||     1
       Royal jelly       |       |       |     1 |     4 ||     5
Armor: Robe              |       |       |     1 |       ||     1
Dodge: Dodged            |     4 |       |    22 |    34 ||    60
